 Dungeon Crawl Stone Soup version 0.31.0-2-g5a2aebc5c2 (webtiles) character file.

Game seed: 682732538890780756

84 Arctor the Shooter (level 4, -3/26 HPs)
             Began as a Kobold Hexslinger on Jan 21, 2024.
             Frozen to death by an endoplasm (5 damage)
             ... on level 2 of the Dungeon.
             The game lasted 00:01:43 (1459 turns).

Arctor the Shooter (Kobold Hexslinger)              Turns: 1459, Time: 00:01:44

Health: -3/26      AC:  4    Str:  5    XL:     4   Next: 74%
Magic:  5/7        EV: 16    Int: 14    God:
Gold:   148        SH:  5    Dex: 19    Spells: 5/7 levels left

rFire   . . .        a - +1 sling
rCold   . . .        (no shield)
rNeg    . . .        c - +0 robe
rPois   .            (no helmet)
rElec   .            f - +1 cloak
rCorr   .            (no gloves)
SInv    .            (no boots)
Will    .....        i - amulet of reflection
Stlth   +++          (no ring)
HPRegen 0.24/turn    (no ring)
MPRegen 0.10/turn

%: reflection
@: mighty, weak-willed, jinxed
A: small, no large weapons, nightstalker 3
a: no special abilities


You were on level 2 of the Dungeon.
You visited 1 branch of the dungeon, and saw 3 of its levels.

You collected 148 gold pieces.

Inventory:

Hand Weapons
 a - a +1 sling (weapon)
Missiles
 d - 2 curare-tipped darts
Armour
 c - a +0 robe (worn)
 f - a +1 cloak (worn)
Jewellery
 i - an amulet of reflection (around neck)
Scrolls
 b - a scroll of poison
 g - a scroll of identify
 h - a scroll of noise
 l - a scroll of blinking {unknown}
 m - a scroll of torment {unknown}
 n - a scroll of teleportation
Potions
 e - 2 potions of enlightenment
 k - a potion of mutation {unknown}


   Skills:
 + Level 2.0 Fighting
 + Level 3.4 Ranged Weapons
 + Level 3.2 Dodging
 + Level 2.0 Spellcasting
 + Level 3.4 Hexes
 + Level 1.7 Fire Magic


You had 5 spell levels left.
You knew the following spells:

 Your Spells              Type           Power      Damage    Failure   Level
a - Jinxbite              Hex            20%        N/A       9%          2

Your spell library contained the following spells:

 Spells                   Type           Power      Damage    Failure   Level
 Sigil of Binding         Hex            10%        N/A       19%         3
 Inner Flame              Hex/Fire       8%         N/A       24%         3
 Cause Fear               Hex            5%         N/A       52%         4
 Dimensional Bullseye     Hex/Tloc       3%         N/A       75%         4
 Irradiate                Conj/Alch      0%         3d11      100%        5
 Ignition                 Fire           3%         3d4       100%        8


Dungeon Overview and Level Annotations

Branches:
Dungeon (3/15)

Altars:


Innate Abilities, Weirdness & Mutations

You are small and have problems with some larger weapons.
You are completely attuned to the shadows.


Message History

No target in view!
No target in view!
What level of the Dungeon? (default 3, ? - help)
There is a stone staircase leading down here.
You climb downwards.
The endoplasm misses you. The endoplasm freezes you.
You are frozen.
You block the orc's attack.
There is a stone staircase leading up here.
There are monsters nearby!
You shoot a sling bullet. The sling bullet hits the orc priest.
The orc priest is moderately wounded.
The orc hits you but does no damage. The endoplasm freezes you.
You are frozen.
The endoplasm hits you but does no damage.
The orc priest invokes the aid of Beogh against you.
Pain shoots through your body! You block the orc's attack.
You block the orc's attack. The endoplasm completely misses you.
The endoplasm freezes you.
You are frozen.
The orc priest barely misses you. The orc hits you but does no damage.
You climb upwards.
There is a stone staircase leading down here.
Casting: Jinxbite (safe; 9% risk of failure)
Confirm with . or Enter, or press ? or * to list all spells.
You beckon some vexing sprites to accompany your attacks.
You feel your willpower being sapped. The endoplasm freezes you.
You are frozen.
The orc barely misses you. The endoplasm barely misses you.
The orc priest mumbles some strange prayers to Beogh against you.
Pain shoots through your body!
* * * LOW HITPOINT WARNING * * *
The orc hits you but does no damage.
It was a potion of might.
You feel very mighty all of a sudden. You block the endoplasm's attack.
The orc hits you with a +0 short sword.
* * * LOW HITPOINT WARNING * * *
The endoplasm freezes you.
You are frozen.
You die...

#..>.....##...##
#######........# ####......
#.......## #.#.#.....
#########.#.#...#.
#...........##.##.
#oo........###.##. ###
#@J....###.>...##. #<####
#oJ....# ####..##.
#....###...#### #..###
##.#.....### #..#..
#.###..######### #..#.# #.#
#..........####..#..
#######.###.########.#....##..
##...)...<...# #..........
##........#...# ##.##.......


You could see an orc priest, 2 orcs and 2 endoplasms.

Vanquished Creatures
  3 adders (D:1)
  A ribbon worm (D:2)
  3 orcs (D:2)
  3 endoplasms (D:1)
  2 giant cockroaches
  6 goblins
  6 hobgoblins
  2 jackals (D:1)
  4 quokkas
  3 ball pythons (D:1)
  4 bats
  2 frilled lizards (D:1)
  5 kobolds
  6 rats
50 creatures vanquished.

Notes
Turn   | Place    | Note
-------+----------+-------------------------------------------
     0 | D:1      | Arctor the Kobold Hexslinger began the quest for the Orb.
     0 | D:1      | Reached XP level 1. HP: 12/12 MP: 2/2
    67 | D:1      | Reached XP level 2. HP: 16/16 MP: 3/3
   250 | D:1      | Reached XP level 3. HP: 20/20 MP: 5/5
  1150 | D:1      | Reached XP level 4. HP: 12/26 MP: 6/6
  1157 | D:1      | Learned a level 2 spell: Jinxbite
  1459 | D:2      | Frozen to death by an endoplasm

Illustrated notes

Levels and vault maps discovered:
D:1:      scummos_arrival_gate, layout_rooms
D:2:      minmay_general_purpose_star, layout_rooms
D:3:      layout_basic, amethyst_overflow_temple_binary, serial_bayou_pond_b

Skill      XL: |  1  2  3  4 |
---------------+-------------+-----
Ranged Weapons | 3 |  3.4
Dodging        | 3 |  3.2
Fighting       | 2 |  2.0
Spellcasting   | 2 |  2.0
Hexes          | |  3.4
Fire Magic     | |  1.7

Action                     |  1- 3 |  4- 6 || total
---------------------------+-------+-------++-------
  Melee: Sling             |       |     2 ||     2
   Fire: Sling             |    98 |    30 ||   128
   Cast: Jinxbite          |       |     1 ||     1
    Use: Scroll            |     2 |       ||     2
         Potion            |       |     3 ||     3
 Armour: Robe              |    38 |    30 ||    68
  Dodge: Dodged            |    82 |    53 ||   135
  Block: Other             |    18 |    16 ||    34
         Reflection        |       |     1 ||     1
